 Dungeon Crawl Stone Soup version 0.24.0-123-gd5b16e6ec5 (webtiles) character file.

Game seed: 1612955158746001417, levelgen mode: deterministic

100 Ponchio the Covert (level 4, 0/22 HPs)
             Began as a Spriggan Assassin on Feb 1, 2020.
             Slain by Crazy Yiuf
             ... wielding a +2 quarterstaff of chaos
              (3 damage)
             ... on level 3 of the Dungeon.
             The game lasted 00:10:09 (4121 turns).

Ponchio the Covert (Spriggan Assassin)              Turns: 4121, Time: 00:10:09

Health: 0/22       AC:  3    Str:  7    XL:     4   Next: 47%
Magic:  5/5        EV: 17    Int: 12    God:
Gold:   225        SH:  0    Dex: 18    Spells: 3/3 levels left

rFire    . . .     SeeInvis +   a - +2 dagger
rCold    . . .     Gourm    .   (shield restricted)
rNeg     . . .     Faith    .   b - +0 robe
rPois    .         Spirit   .   (helmet restricted)
rElec    .         Reflect  .   c - +0 cloak
rCorr    .         Harm     .   (gloves unavailable)
MR       .....                  (boots unavailable)
Stlth    ++++......             (no amulet)
HPRegen  0.07/turn              (no ring)
MPRegen  0.09/turn              (no ring)

@: lethally poisoned (0 -> -16), very quick
A: very small, unfitting armour, see invisible, herbivore, speed 3, slow
metabolism 2
a: no special abilities


You were on level 3 of the Dungeon.
You were hungry.

You visited 1 branch of the dungeon, and saw 3 of its levels.

You collected 225 gold pieces.

Inventory:

Hand Weapons
 a - a +2 dagger (weapon)
 g - a +3 hunting sling
Missiles
 d - 8 poisoned darts (quivered)
 e - 2 curare-tipped darts
Armour
 b - a +0 robe (worn)
 c - a +0 cloak (worn)
Jewellery
 r - an uncursed amulet of harm {unknown}
Wands
 t - a wand of iceblast (8)
Scrolls
 h - 2 scrolls of teleportation
 n - 2 scrolls of magic mapping
 p - 3 scrolls of remove curse
Potions
 i - a potion of berserk rage {unknown}
 j - a potion of magic {unknown}
 k - 5 potions of agility
 l - 3 potions of brilliance
 m - 2 potions of invisibility {unknown}
 o - a potion of ambrosia {unknown}
 q - a potion of flight {unknown}
 s - a potion of curing {unknown}
Comestibles
 f - 2 rations


   Skills:
 - Level 1.5 Fighting
 - Level 2.1 Short Blades
 - Level 2.0 Throwing
 - Level 1.5 Dodging
 + Level 9.1 Stealth


You had 3 spell levels left.
You didn't know any spells.
Your spell library was empty.

Dungeon Overview and Level Annotations

Branches:
Dungeon (3/15)

Altars:
Elyvilon
Fedhas
Ru
Uskayaw
Wu Jian
Xom
Yredelemnul
Zin
The Shining One

Annotations:
D:3 Crazy Yiuf


Innate Abilities, Weirdness & Mutations

You are very small and have problems with some larger weapons.
You are too small for most types of armour.
You have supernaturally acute eyesight. (SInv)
You are a herbivore.
You cover ground extremely quickly.
You need to consume almost no food.


Message History

Unknown command.
Throwing (i - inventory. (/) - cycle)
d - 10 poisoned darts (quivered)
Press: ? - help, Shift-Dir - straight line, f/p - Crazy Yiuf
Aim: Crazy Yiuf, wielding a +2 quarterstaff of chaos, wearing a +0 cloak and carrying a wand of digging (5) (lightly wounded, poisoned)
You throw a poisoned dart. The poisoned dart hits Crazy Yiuf.
Crazy Yiuf looks even sicker.
Crazy Yiuf is lightly wounded.
Crazy Yiuf hits you with a +2 quarterstaff of chaos!
Ouch! That really hurt!
You are lethally poisoned!
Unknown command.
Throwing (i - inventory. (/) - cycle)
d - 9 poisoned darts (quivered)
Press: ? - help, Shift-Dir - straight line, f/p - Crazy Yiuf
Aim: Crazy Yiuf, wielding a +2 quarterstaff of chaos, wearing a +0 cloak and carrying a wand of digging (5) (lightly wounded, poisoned)
You throw a poisoned dart.
The poisoned dart barely misses Crazy Yiuf.
You feel sick.
Crazy Yiuf hits you with a +2 quarterstaff of chaos.
* * * LOW HITPOINT WARNING * * *
Crazy Yiuf freezes you.
You die...

♣♣...♣ #.#
###### ♣♣.♣♣
###'######
♣♣.♣
#........#
♣.♣♣
#........#
♣♣.♣
#........#
♣.♣♣
#........###
##'##
#...........
#...#
#...........
#^@.#
#.....[.....
#).g#
#...........
#####
#.........##
#....[....#
###........##
#†.........#
#..........#
############


You could see Crazy Yiuf.

Vanquished Creatures
  An iguana (D:3)
  2 adders (D:2)
  A worm (D:3)
  A dart slug (D:2)
  2 leopard geckos
  2 ball pythons
  5 bats
  2 giant cockroaches (D:3)
  3 goblins
  9 hobgoblins
  2 jackals (D:2)
  3 quokkas
  5 frilled lizards
  5 kobolds
  7 rats
50 creatures vanquished.

Notes
Turn   | Place    | Note
-------+----------+-------------------------------------------
     0 | D:1      | Ponchio the Spriggan Assassin began the quest for the Orb.
     0 | D:1      | Reached XP level 1. HP: 10/10 MP: 2/2
    43 | D:1      | Reached skill level 6 in Stealth
   348 | D:1      | Reached XP level 2. HP: 14/14 MP: 3/3
   969 | D:1      | Reached skill level 7 in Stealth
  1788 | D:2      | Found a sacrificial altar of Ru.
  1908 | D:2      | Found a hide-covered altar of Uskayaw.
  1993 | D:2      | Reached XP level 3. HP: 18/18 MP: 4/4
  2285 | D:2      | Found a faded altar of an unknown god.
  2285 | D:2      | Found a glowing silver altar of Zin.
  2289 | D:2      | Found a shimmering altar of Xom.
  2290 | D:2      | Found a faded altar of an unknown god.
  2293 | D:2      | Found a white marble altar of Elyvilon.
  2303 | D:2      | Reached skill level 8 in Stealth
  2513 | D:2      | Found a glowing golden altar of the Shining One.
  2546 | D:2      | Found a basalt altar of Yredelemnul.
  2548 | D:2      | Noticed a profane servitor
  2804 | D:3      | Found an ornate altar of the Wu Jian Council.
  3193 | D:3      | Found a blossoming altar of Fedhas.
  3501 | D:3      | Reached skill level 9 in Stealth
  3501 | D:3      | Reached XP level 4. HP: 22/22 MP: 5/5
  3609 | D:3      | Found a runed translucent door.
  3610 | D:3      | Noticed Crazy Yiuf
  4121 | D:3      | Slain by Crazy Yiuf

Levels and vault maps discovered:
D:1:      nagdon_arrival_zigzag_paths, layout_basic, chequers_garden,
          st_stairs_3
D:2:      layout_basic, lemuel_round_altar, lemuel_crystal_altar,
          chequers_temple_overflow_minitemple, grunt_temple_overflow_holy_war,
          minmay_misc_feat_iff
D:3:      layout_basic, lemuel_crystal_altar, fedhas_altar_1,
          uniq_crazy_yiuf_cottage

Skill      XL: |  1  2  3 |
---------------+----------+-----
Stealth        | 6 7 9 |  9.1
Fighting       | |  1.5
Short Blades   | |  2.1
Throwing       | |  2.0
Dodging        | |  1.5

Action                   |  1- 3 |  4- 6 || total
-------------------------+-------+-------++-------
Melee: Dagger            |   198 |    10 ||   208
Throw: Dart              |    10 |    13 ||    23
  Use: Scroll            |     9 |       ||     9
 Stab: Sleeping          |     6 |     3 ||     9
       Distracted        |     1 |       ||     1
Armor: Robe              |    30 |     1 ||    31
Dodge: Dodged            |   162 |     5 ||   167
